 Dungeon Crawl Stone Soup version 0.31.0-11-ge490571c62 (webtiles) character file.

Game seed: 14044031689999670312

2382 qw the Skirmisher (level 9, -11/41 (44) HPs)
             Began as a Spriggan Hunter on Feb 4, 2024.
             Was a Follower of Okawaru.
             Killed from afar by an electric eel (12 damage)
             ... with a bolt of electricity
             ... on level 6 of the Dungeon.
             The game lasted 00:00:22 (4090 turns).

qw the Skirmisher (Spriggan Hunter)                 Turns: 4090, Time: 00:00:23

HP:   -11/41 (44)   AC:  2    Str:  6    XL:     9   Next: 22%
MP:   11/11         EV: 24    Int: 15    God:    Okawaru [*.....]
Gold: 206           SH:  0    Dex: 21    Spells: 8/8 levels left

rFire   + + .        a - +2 shortbow (flame)
rCold   . . .        (shield currently unavailable)
rNeg    . . .        c - +0 robe
rPois   .            (helmet restricted)
rElec   .            (no cloak)
rCorr   +            (gloves unavailable)
SInv    +            (boots unavailable)
Will    +....        (no amulet)
Stlth   ++           e - ring of protection from fire
HPRegen 0.26/turn    h - ring of resist corrosion
MPRegen 0.12/turn

%: no passive effects
@: drained, very quick
A: very small, no large weapons, unfitting armour, see invisible, speed 3,
clever 1, fire resistance 1
a: Renounce Religion, Heroism


You were on level 6 of the Dungeon.
You worshipped Okawaru.
Okawaru was aware of your devotion.
You visited 1 branch of the dungeon, and saw 6 of its levels.

You collected 311 gold pieces.
You spent 105 gold pieces at shops.


Innate Abilities, Weirdness & Mutations

You are very small and have problems with some larger weapons.
You are too small for most types of armour.
You have supernaturally acute eyesight. (SInv)
You cover ground extremely quickly. (Speed+++)
Your mind is acute. (Int +4, Str/Dex -1)
Your flesh is heat resistant. (rF+)


   Skills:
 - Level 3.0 Fighting
 - Level 14.0 Ranged Weapons
 + Level 9.0 Dodging
 - Level 1.5 Stealth
 + Level 2.0 Invocations


You had 8 spell levels left.
You didn't know any spells.
Your spell library was empty.

Inventory:

Hand Weapons
 a - a +2 shortbow of flaming (weapon)
Armour
 c - a +0 robe (worn)
Jewellery
 e - a ring of protection from fire (left hand)
 h - a ring of resist corrosion (right hand)
Potions
 b - 2 potions of mutation
 d - a potion of resistance
 f - a potion of enlightenment
 l - 2 potions of curing

Dungeon Overview and Level Annotations

Branches:
Dungeon (6/15)             Temple (0/1) D:6

Altars:
Okawaru
Yredelemnul
The Shining One

Shops:
D:1 (((   D:2 *   D:5 [


Message History

The centaur shoots an arrow.
The arrow closely misses you.
The centaur shoots an arrow.
The arrow hits you!
You feel drained.
You hear a shout!
You shoot an arrow. The arrow hits the centaur!
The arrow burns the centaur.
The centaur is moderately wounded.
The centaur shoots an arrow.
The arrow completely misses you.
The centaur shoots an arrow.
The arrow misses you.
You shoot an arrow. The arrow hits the centaur.
The arrow burns the centaur.
The centaur is heavily wounded.
The centaur shoots an arrow.
The arrow closely misses you.
The centaur shoots an arrow.
The arrow completely misses you.
You shoot an arrow. The arrow hits the centaur!
The arrow burns the centaur.
You kill the centaur!
Okawaru accepts your kill.
The centaur shoots an arrow.
The arrow hits you!
You feel drained.
4084 ||| READING scroll of teleportation.
As you read the scroll of teleportation, it crumbles to dust.
You feel strangely unstable.
The centaur shoots an arrow.
The arrow closely misses you.
You shoot an arrow. The arrow hits the centaur.
The arrow burns the centaur.
The centaur is severely wounded.
The centaur shoots an arrow.
The arrow closely misses you.
A kobold comes into view.
You hear a shout!
You shoot an arrow. The arrow hits the centaur.
The arrow burns the centaur.
You kill the centaur!
Okawaru accepts your kill.
The kobold throws a stone.
The stone closely misses you.
Your Dodging skill increases to level 9!
Your Invocations skill increases to level 2!
4087 ||| FLEEEEING.
4088 ||| FLEEEEING.
You start resting.
Your surroundings suddenly seem different.
An electric eel comes into view.
Found a leather armour.
Found a stone staircase leading down.
4090 ||| FLEEEEING.
The electric eel shoots out a bolt of lightning at you!
The bolt of electricity hits you. The bolt of electricity hits you!
You die...

.. ...#.#...##.####.#
###.####.........>##.##
# ###...##.#.....)
####.###.####.## .# #.#
#># #.# .# #.# #.# #.#
.#.## .# #+###.. ..#
......###.##..>#### #)#
........@....... ..K
................ ..
~~~~~~..~..[~~~~
~~~~~~~~~~~~~~~~
~~~~~~~~~~~~~~~~
###~~~~~~~~S~~~~
##############


You could see an electric eel.

Vanquished Creatures
  Grinder (D:3)
  Sigmund (D:3)
  Eustachio (D:5)
  Edmund (D:5)
  A sky beast (D:6)
  2 centaurs (D:6)
  2 phantoms
  Blork the orc (D:4)
  2 scorpions
  2 bombardier beetles
  A hound (D:4)
  A sleepcap (D:5)
  4 iguanas
  4 orc wizards
  15 gnolls
  7 adders
  2 white imps (D:5)
  2 ufetubi (D:5)
  4 dart slugs
  2 ribbon worms
  16 orcs
  7 ball pythons
  8 endoplasms
  6 giant cockroaches
  4 goblins
  8 hobgoblins
  3 jackals (D:1)
  7 quokkas
  2 bats
  A frilled lizard (D:1)
  4 kobolds
  2 rats
124 creatures vanquished.

Notes
Turn   | Place    | Note
-------+----------+-------------------------------------------
     0 | D:1      | qw the Spriggan Hunter began the quest for the Orb.
     0 | D:1      | Reached XP level 1. HP: 10/10 MP: 2/2
     0 | D:1      | 0 ||| qw: Version: 0.3-a-160-g6735b56
     0 | D:1      | 0 ||| qw: Game counter: 5026
     0 | D:1      | 0 ||| qw: Melee chars always use a shield: true
     0 | D:1      | 0 ||| qw: God list: Okawaru
     0 | D:1      | 0 ||| qw: Allow faded altars: false
     0 | D:1      | 0 ||| qw: Do Orc after clearing Dungeon:15 true
     0 | D:1      | 0 ||| qw: Do second Lair branch before Depths: true
     0 | D:1      | 0 ||| qw: Lair rune preference: random
     0 | D:1      | 0 ||| qw: Goals: Normal
     0 | D:1      | 0 ||| PLANNING D:1-11
    23 | D:1      | Reached skill level 3 in Dodging
    51 | D:1      | Reached XP level 2. HP: 14/14 MP: 3/3
    51 | D:1      | Found Ewets's Weapon Shoppe.
    57 | D:1      | 57 ||| SHOPLISTING +11 orcbow "Gyefosk" {heavy, rN+} (797
                  | gold, have 0).
   169 | D:1      | Reached XP level 3. HP: 14/18 MP: 4/4
   287 | D:1      | You fall into a shaft and drop 1 floor!
   435 | D:2      | 435 ||| UPGRADING to ring of protection from fire.
   436 | D:2      | 436 ||| READING 2 scrolls labelled RISIST UMNUGG.
   436 | D:2      | 436 ||| IDENTIFYING viscous cyan potion
   437 | D:2      | 437 ||| READING scroll of identify.
   437 | D:2      | 437 ||| IDENTIFYING sedimented silvery potion
   438 | D:2      | 438 ||| READING scroll labelled YKLOTI BOMNOENU.
   439 | D:2      | 439 ||| READING scroll labelled VEESINKEMY.
   442 | D:2      | 442 ||| READING scroll labelled YNNUIK LUHA.
   442 | D:2      | 442 ||| ENCHANTING +0 shortbow.
   443 | D:2      | 443 ||| DROPPING scroll of butterflies.
   444 | D:2      | 444 ||| DROPPING potion of berserk rage.
   445 | D:2      | 445 ||| Stepping randomly (stuck).
   445 | D:2      | Found a faded altar of an unknown god.
   446 | D:2      | 446 ||| Stepping randomly (stuck).
   447 | D:2      | 447 ||| Stepping randomly (stuck).
   448 | D:2      | 448 ||| Stepping randomly (stuck).
   449 | D:2      | 449 ||| Stepping randomly (stuck).
   450 | D:2      | 450 ||| Stepping randomly (stuck).
   451 | D:2      | 451 ||| Stepping randomly (stuck).
   457 | D:2      | 457 ||| Stepping randomly (stuck).
   458 | D:2      | 458 ||| Stepping randomly (stuck).
   459 | D:2      | 459 ||| Stepping randomly (stuck).
   460 | D:2      | 460 ||| Stepping randomly (stuck).
   461 | D:2      | 461 ||| Stepping randomly (stuck).
   462 | D:2      | 462 ||| Stepping randomly (stuck).
   465 | D:2      | 465 ||| Stepping randomly (stuck).
   466 | D:2      | 466 ||| Stepping randomly (stuck).
   728 | D:1      | Found Vykkiojaro's Antique Weapon Shop.
   734 | D:1      | Found Qenlissiyg's Antique Weapon Boutique.
   736 | D:1      | 736 ||| BUYING runed sling (85 gold).
   736 | D:1      | Bought a runed sling for 85 gold pieces
   736 | D:1      | 736 ||| DROPPING +5 sling.
   740 | D:1      | 740 ||| READING scroll of enchant weapon.
   740 | D:1      | 740 ||| ENCHANTING +1 shortbow.
   792 | D:1      | 792 ||| READING scroll labelled DAWYKI SUIFO.
   792 | D:1      | 792 ||| BRANDING +2 shortbow.
   793 | D:1      | 793 ||| DRINKING 2 brown potions.
   793 | D:1      | Gained mutation: Your flesh is heat resistant. (rF+)
                  | [potion of mutation]
   793 | D:1      | Gained mutation: Your mind is acute. (Int +4, Str/Dex -1)
                  | [potion of mutation]
   920 | D:2      | Found Jazuopt's General Store.
   932 | D:2      | Reached skill level 5 in Ranged Weapons
   933 | D:2      | 933 ||| SHOPLISTING potion of enlightenment (50 gold, have
                  | 36).
   933 | D:2      | 933 ||| SHOPLISTING potion of mutation (80 gold, have 36).
   933 | D:2      | 933 ||| SHOPLISTING scroll of enchant armour (75 gold, have
                  | 36).
   933 | D:2      | 933 ||| BUYING scroll of identify (20 gold).
   933 | D:2      | Bought a scroll of identify for 20 gold pieces
  1184 | D:2      | 1184 ||| DROPPING amulet of magic regeneration.
  1185 | D:2      | 1185 ||| READING scroll of identify.
  1185 | D:2      | 1185 ||| IDENTIFYING fizzy cyan potion
  1186 | D:2      | 1186 ||| READING scroll labelled FATIDUSH CAAWN.
  1187 | D:2      | 1187 ||| READING scroll labelled TEDYCY DUDIFE.
  1187 | D:2      | 1187 ||| ENCHANTING +2 shortbow of flaming.
  1188 | D:2      | 1188 ||| READING scroll labelled ZUDEWAHUTT.
  1289 | D:2      | 1289 ||| DROPPING potion of degeneration.
  1331 | D:3      | Reached XP level 4. HP: 22/22 MP: 5/5
  1380 | D:3      | Noticed Sigmund
  1381 | D:3      | 1381 ||| DRINKING potion of haste.
  1386 | D:3      | 1386 ||| DRINKING coppery potion.
  1387 | D:3      | 1387 ||| DRINKING bubbling coppery potion.
  1398 | D:3      | Killed Sigmund
  1399 | D:3      | Reached skill level 6 in Dodging
  1399 | D:3      | Reached XP level 5. HP: 23/25 MP: 6/6
  1461 | D:3      | Reached XP level 6. HP: 30/30 MP: 7/7
  1845 | D:3      | Noticed Grinder
  1861 | D:3      | Paralysed by Grinder for 2 turns
  1875 | D:3      | Killed Grinder
  1876 | D:3      | Reached skill level 6 in Ranged Weapons
  1876 | D:3      | Reached XP level 7. HP: 22/35 MP: 8/8
  1925 | D:3      | Found an iron altar of Okawaru.
  1926 | D:3      | 1926 ||| PLANNING OKAWARU WORSHIP
  1926 | D:3      | 1926 ||| UPGRADING to ring of resist corrosion.
  1927 | D:3      | 1927 ||| READING 2 scrolls of identify.
  1927 | D:3      | 1927 ||| IDENTIFYING murky dark potion
  1928 | D:3      | 1928 ||| DRINKING potion of experience.
  1928 | D:3      | Reached skill level 14 in Ranged Weapons
  1928 | D:3      | Reached XP level 8. HP: 39/39 MP: 9/9
  1929 | D:3      | 1929 ||| READING scroll of identify.
  1929 | D:3      | 1929 ||| IDENTIFYING lumpy puce potion
  1930 | D:3      | 1930 ||| DROPPING potion of attraction.
  1938 | D:3      | Became a worshipper of Warmaster Okawaru
  1939 | D:3      | 1939 ||| PLANNING D:1-11
  2383 | D:4      | Noticed Blork the orc
  2396 | D:4      | HP: 8/39 [Blork the orc/puff of frost (7)]
  2397 | D:4      | 2397 ||| READING scroll of teleportation.
  2398 | D:4      | 2398 ||| DRINKING potion of heal wounds.
  2400 | D:4      | Killed Blork the orc
  2533 | D:4      | Reached skill level 3 in Fighting
  2636 | D:4      | 2636 ||| READING scroll of identify.
  2636 | D:4      | 2636 ||| IDENTIFYING red potion
  2673 | D:5      | Entered Level 5 of the Dungeon
  2673 | D:5      | Noticed Eustachio
  2682 | D:5      | Killed Eustachio
  2713 | D:5      | Found Heen's Armour Emporium.
  2932 | D:5      | Found a glowing golden altar of the Shining One.
  2935 | D:5      | Noticed an angel
  3133 | D:5      | Noticed Edmund
  3134 | D:5      | 3134 ||| FLEEEEING.
  3135 | D:5      | 3135 ||| FLEEEEING.
  3136 | D:5      | 3136 ||| FLEEEEING.
  3137 | D:5      | 3137 ||| FLEEEEING.
  3138 | D:5      | 3138 ||| FLEEEEING.
  3140 | D:5      | 3140 ||| FLEEEEING.
  3141 | D:5      | 3141 ||| FLEEEEING.
  3142 | D:5      | 3142 ||| FLEEEEING.
  3143 | D:5      | 3143 ||| FLEEEEING.
  3144 | D:5      | 3144 ||| FLEEEEING.
  3145 | D:5      | 3145 ||| FLEEEEING.
  3146 | D:5      | 3146 ||| FLEEEEING.
  3147 | D:5      | 3147 ||| FLEEEEING.
  3148 | D:5      | 3148 ||| FLEEEEING.
  3149 | D:5      | 3149 ||| FLEEEEING.
  3150 | D:5      | 3150 ||| FLEEEEING.
  3151 | D:5      | 3151 ||| FLEEEEING.
  3152 | D:5      | 3152 ||| FLEEEEING.
  3154 | D:5      | 3154 ||| FLEEEEING.
  3155 | D:5      | 3155 ||| FLEEEEING.
  3156 | D:5      | 3156 ||| FLEEEEING.
  3158 | D:5      | 3158 ||| FLEEEEING.
  3159 | D:5      | 3159 ||| FLEEEEING.
  3161 | D:5      | 3161 ||| FLEEEEING.
  3162 | D:5      | 3162 ||| FLEEEEING.
  3163 | D:5      | 3163 ||| FLEEEEING.
  3165 | D:5      | 3165 ||| FLEEEEING.
  3166 | D:5      | 3166 ||| FLEEEEING.
  3168 | D:5      | 3168 ||| FLEEEEING.
  3169 | D:5      | 3169 ||| FLEEEEING.
  3177 | D:5      | Killed Edmund
  3177 | D:5      | Reached * piety under Okawaru
  3257 | D:5      | Reached XP level 9. HP: 44/44 MP: 10/10
  3307 | D:5      | Found a basalt altar of Yredelemnul.
  3388 | D:5      | Noticed a profane servitor
  3575 | D:5      | 3575 ||| DROPPING ring of magical power.
  3576 | D:5      | 3576 ||| READING scroll of identify.
  3576 | D:5      | 3576 ||| IDENTIFYING fizzy brown potion
  3577 | D:5      | 3577 ||| READING scroll labelled RUSU RUNAMU.
  3578 | D:5      | 3578 ||| READING scroll labelled CAMERE NETTUE.
  3679 | D:5      | 3679 ||| DROPPING wand of flame (8).
  3804 | D:6      | Reached skill level 1 in Invocations
  4008 | D:6      | Found a staircase to the Ecumenical Temple.
  4051 | D:6      | 4051 ||| DRINKING 3 green potions.
  4083 | D:6      | HP: 10/40 [centaur/arrow (13)]
  4084 | D:6      | 4084 ||| READING scroll of teleportation.
  4087 | D:6      | Reached skill level 9 in Dodging
  4087 | D:6      | 4087 ||| FLEEEEING.
  4088 | D:6      | 4088 ||| FLEEEEING.
  4090 | D:6      | 4090 ||| FLEEEEING.
  4090 | D:6      | HP: 1/41 [electric eel/bolt of electricity (5)]
  4090 | D:6      | Killed from afar by an electric eel

Levels and vault maps discovered:
D:1:      ebering_hopf_link, layout_basic, serial_shops, shop, shop, shop
D:2:      layout_basic, serial_shops, nicolae_shop_advertising_works
          [nicolae_subvault_shop_adworks], hellmonk_ecumenical_altar_lost_god
D:3:      layout_rooms, okawaru_altar_gauntlet_db, uniq_grinder, uniq_sigmund
D:4:      layout_basic, uniq_blork_the_orc
D:5:      layout_loops_cross, grunt_temple_overflow_holy_war, serial_shops,
          nicolae_take_the_stairs, uniq_edmund, uniq_eustachio
D:6:      minmay_goblin_kobold_castle, layout_loops_corners,
          minmay_temple_entry_mist

Skill      XL: |  1  2  3  4  5  6  7  8  9 |
---------------+----------------------------+-----
Dodging        | 3 4 6 8 9 |  9.0
Ranged Weapons | 5 6 14 | 14.0
Fighting       | 2 3 |  3.0
Invocations    | 2 |  2.0
Stealth        | |  1.5

Action                     |  1- 3 |  4- 6 |  7- 9 || total
---------------------------+-------+-------+-------++-------
   Fire: Shortbow          |    88 |   101 |   206 ||   395
    Use: Scroll            |    11 |       |     8 ||    19
         Potion            |     1 |     3 |     3 ||     7
 Armour: Robe              |    12 |     9 |    15 ||    36
  Dodge: Dodged            |    41 |    26 |    37 ||   104

Table legend:
 A = Non-vault XP
 B = Vault XP
 C = Vault XP percentage of total XP
 D = Non-vault monster count
 E = Vault monster count
 F = Vault count percentage of total count
                 A         B        C        D         E       F
            +---------+---------+-------+---------+---------+-------
      Total |    1677 |     971 |  36.7 |     113 |      11 |   8.9
            +---------+---------+-------+---------+---------+-------
        D:1 |      60 |       0 |   0.0 |      25 |       0 |   0.0
        D:2 |      27 |       0 |   0.0 |       9 |       0 |   0.0
        D:3 |     205 |     506 |  71.2 |      21 |       8 |  27.6
        D:4 |     278 |      90 |  24.5 |      23 |       1 |   4.2
        D:5 |     539 |     375 |  41.0 |      29 |       2 |   6.5
        D:6 |     568 |       0 |   0.0 |       6 |       0 |   0.0
            +---------+---------+-------+---------+---------+-------
